 Dungeon Crawl Stone Soup version 0.27.1-4-g1640c2035a (webtiles) character file.

Game seed: 15688565902797495705

26 Stomo444 the Skirmisher (level 2, -1/27 HPs)
             Began as a Draconian Monk on Nov 10, 2021.
             Was a Believer of Dithmenos.
             Slain by a phantom (3 damage)
             ... on level 2 of the Dungeon.
             The game lasted 00:02:00 (1252 turns).

Stomo444 the Skirmisher (Draconian Monk)            Turns: 1252, Time: 00:02:01

Health: -1/27      AC:  5    Str: 13    XL:     2   Next: 89%
Magic:  2/2        EV: 13    Int: 10    God:    Dithmenos [**....]
Gold:   60         SH:  0    Dex: 13    Spells: 1/1 levels left

rFire    . . .     SeeInvis .   a - +0 mace
rCold    . . .     Faith    .   (no shield)
rNeg     . . .     Spirit   .   (armour unavailable)
rPois    .         Reflect  .   (helmet restricted)
rElec    .         Harm     .   (no cloak)
rCorr    .         Rampage  .   (no gloves)
Will     .....                  d - +0 pair of boots
Stlth    ++........             (no amulet)
HPRegen  0.09/turn              (no ring)
MPRegen  0.08/turn              (no ring)

@: wreathed by umbra
A: AC +4, unfitting armour, cold-blooded
a: Renounce Religion, Shadow Step


You were on level 2 of the Dungeon.
You worshipped Dithmenos.
Dithmenos was pleased with you.
You visited 1 branch of the dungeon, and saw 2 of its levels.

You collected 60 gold pieces.

Inventory:

Hand Weapons
 a - a +0 mace (weapon)
Armour
 d - a +0 pair of boots (worn)
Jewellery
 h - a ring of see invisible
Scrolls
 f - a scroll of vulnerability {unknown}
 g - a scroll of enchant armour {unknown}
Potions
 b - 3 potions of curing {unknown}
 c - a potion of might {unknown}
 e - a potion of invisibility {unknown}
 i - a potion of lignification {unknown}


   Skills:
 + Level 3.8 Fighting
 + Level 3.4 Maces & Flails
 + Level 3.1 Dodging
 - Level 1.7 Stealth


You had one spell level left.
You didn't know any spells.
Your spell library was empty.

Dungeon Overview and Level Annotations

Branches:
Dungeon (2/15)

Altars:
Dithmenos


Innate Abilities, Weirdness & Mutations

Your plain brown scales are hard. (AC +4)
You cannot fit into any form of body armour.
You are cold-blooded and may be slowed by cold attacks.


Message History

The phantom is heavily damaged.
The phantom hits you.
The phantom blinks!
You blink.
The phantom barely misses you. The phantom closely misses you.
You hit the phantom.
The phantom is heavily damaged.
The phantom closely misses you.
You miss the phantom.
The phantom is heavily damaged.
The phantom barely misses you.
You hit the phantom but do no damage.
The phantom is heavily damaged.
The phantom closely misses you. The phantom hits you.
* * * LOW HITPOINT WARNING * * *
You hit the phantom but do no damage.
The phantom is heavily damaged.
The phantom closely misses you.
You closely miss the phantom.
The phantom is heavily damaged.
The phantom closely misses you.
You barely miss the phantom.
The phantom is heavily damaged.
The phantom hits you but does no damage.
You miss the phantom.
Your tail-slap misses the phantom.
The phantom is heavily damaged.
The bat barely misses you. The phantom hits you.
* * * LOW HITPOINT WARNING * * *
The phantom hits you.
* * * LOW HITPOINT WARNING * * *
The phantom blinks!
You blink.
You hit the phantom.
The phantom is severely damaged.
The phantom closely misses you.
You hit the phantom but do no damage. You tail-slap the phantom.
The phantom is severely damaged.
The dart slug launches a dart at you. The slug dart hits you.
* * * LOW HITPOINT WARNING * * *
The phantom hits you.
You die...

##..##.............#
#..........b..)....#
....##.............#
....<......#†##<#+##
....########w####.#
#.................##
#..................#
......###..........#
......# #......W@..#
......# #..........#
......# #..........#
).....# ############
###>### ###


You could see a phantom and a dart slug.

Vanquished Creatures
  4 bats (D:1)
  3 endoplasms
  A giant cockroach (D:1)
  A goblin (D:2)
  A hobgoblin (D:1)
  4 jackals (D:2)
  3 kobolds
  3 ball pythons
  3 frilled lizards
23 creatures vanquished.

Notes
Turn   | Place    | Note
-------+----------+-------------------------------------------
     0 | D:1      | Stomo444 the Draconian Monk began the quest for the Orb.
     0 | D:1      | Reached XP level 1. HP: 19/19 MP: 1/1
   195 | D:1      | Found a faded altar of an unknown god.
   295 | D:1      | Reached XP level 2. HP: 26/26 MP: 2/2
  1006 | D:2      | Found a shadowy altar of Dithmenos.
  1071 | D:2      | Became a worshipper of Dithmenos the Shadowed
  1071 | D:2      | Reached * piety under Dithmenos
  1071 | D:2      | Reached ** piety under Dithmenos
  1205 | D:2      | Noticed a phantom
  1252 | D:2      | Slain by a phantom

Illustrated notes

Levels and vault maps discovered:
D:1:      psy_arrival_heroes, layout_basic,
          chequers_ecumenical_altar_simple_redux
D:2:      layout_basic, basic_altar, minmay_misc_feat_cross, minmay_box_of_dots

Skill      XL: |  1  2 |
---------------+-------+-----
Dodging        | 3 |  3.1
Fighting       | |  3.8
Maces & Flails | |  3.4
Stealth        | |  1.7

Action                   || total
-------------------------++-------
Melee: Mace              ||    79
       Tailslap          ||     4
 Stab: Sleeping          ||     3
Armor: Skin              ||    42
Dodge: Dodged            ||    78
